 Dungeon Crawl Stone Soup version 0.30.0 (webtiles) character file.

Game seed: 3895482707983683989

1541580 Minorbread the Worldbinder (level 27, 246/246 HPs)
             Began as a White Draconian Earth Elementalist on May 30, 2023.
             Was the Champion of Vehumet.
             Escaped with the Orb
             ... and 3 runes on May 31, 2023!
             The game lasted 07:41:26 (85837 turns).

Minorbread the Worldbinder (DrEE)                  Turns: 85837, Time: 07:41:26

Health: 246/246    AC: 26    Str: 18    XL:     27
Magic:  43/43      EV: 17    Int: 31    God:    Vehumet [******]
Gold:   5048       SH: 16    Dex: 11    Spells: 1/58 levels left

rFire   + + .        Z - +7 dagger of the Festooned God {spect, rElec rN+ Will+ Stlth-, !a}
rCold   + + .        o - +4 kite shield {rC+ rF+}
rNeg    + + +        (body armour unavailable)
rPois   +            X - +4 hat of Free Expression {*Slow +Inv rElec Regen+}
rElec   +            J - +2 cloak {Will+}
rCorr   .            v - +2 pair of gloves
SInv    .            U - +2 pair of boots
Will    +++++        S - amulet of magic regeneration
Stlth   +            e - ring of Xom's Wantonness {rF+ Will+ Str+2 Int+6}
HPRegen 1.41/turn    R - ring "Kuatob" {rPois rN++}
MPRegen 0.68/turn

%: random rage (3%), slow self (1%)
@: no status effects
A: breathe frost, AC +13, unfitting armour, cold resistance 1, cold-blooded,
hooves 1, horns 2, berserk 1, dopey 1, poison resistance, strong 1, MP-powered
wands
0: Orb of Zot
}: 3/15 runes: decaying, abyssal, gossamer
a: Breathe Frost, Renounce Religion, Evoke Invisibility


You escaped.
You worshipped Vehumet.
Vehumet was exalted by your worship.
You visited 12 branches of the dungeon, and saw 55 of its levels.
You visited the Abyss 1 time.
You visited 1 bazaar.
You also visited: Ossuary and Ice Cave.

You collected 9598 gold pieces.
You spent 4550 gold pieces at shops.

Inventory:

Hand Weapons
 Z - the +7 dagger of the Festooned God (weapon) {spect, rElec rN+ Will+ Stlth-, !a}
   (You found it on level 12 of the Dungeon)

   rElec:     It insulates you from electricity.
   rN:        It protects you from negative energy.
   Will:      It increases your willpower.
   Stlth:     It makes you less stealthy.
Armour
 o - a +4 kite shield of resistance (worn)
 v - a +2 pair of gloves (worn)
 J - a +2 cloak of willpower (worn)
 L - the +3 crown of Dyrovepreva {rElec Int+2 SInv}
   (You found it on level 4 of the Spider Nest)

   Int:       It affects your intelligence (+2).
   rElec:     It insulates you from electricity.
   SInv:      It lets you see invisible.
 U - a +2 pair of boots (worn)
 X - the +4 hat of Free Expression (worn) {*Slow +Inv rElec Regen+}
   (You found it on level 2 of the Swamp)

   rElec:     It insulates you from electricity.
   +Inv:      It lets you turn invisible.
   Regen:     It increases your rate of health regeneration.
   *Slow:     It may slow you when you take damage.
Jewellery
 e - the ring of Xom's Wantonness (left hand) {rF+ Will+ Str+2 Int+6}
   (You acquired it in a bazaar)

   [ring of intelligence]

   Str:       It affects your strength (+2).
   Int:       It affects your intelligence (+6).
   rF:        It protects you from fire.
   Will:      It increases your willpower.
 f - a ring of protection from fire
 g - an amulet of guardian spirit
 r - the ring "Isoah" {Wiz *Corrode rN+ Str+3 Stlth+}
   (You took it off a deep elf sorcerer on level 3 of the Elven Halls)

   [ring of wizardry]

   It improves your spell success rate.
   Str:       It affects your strength (+3).
   rN:        It protects you from negative energy.
   *Corrode:  It may corrode you when you take damage.
   Stlth:     It makes you more stealthy.
 E - a ring of wizardry
 F - the ring of Nooroc {Drain Will+ Str+2 Dex+4}
   (You found it on level 3 of the Crypt)

   [ring of willpower]

   Str:       It affects your strength (+2).
   Dex:       It affects your dexterity (+4).
   Drain:     It drains your maximum health when unequipped.
   Will:      It increases your willpower.
 I - the ring "Zoz Lyma" {Wiz Fly}
   (You took it off an ironbound convoker on level 2 of the Vaults)

   [ring of wizardry]

   It improves your spell success rate.
   Fly:       It grants you flight.
 K - a ring of see invisible
 R - the ring "Kuatob" (right hand) {rPois rN++}
   (You bought it in a shop on level 2 of the Orcish Mines)

   [ring of poison resistance]

   rPois:     It protects you from poison.
   rN:        It greatly protects you from negative energy.
 S - an amulet of magic regeneration (around neck)
 Y - the ring of Lies {Ice Will+ Str-2 Dex+3}
   (You found it on level 2 of the Swamp)

   [ring of ice]

   It enhances your ice magic.
   Str:       It affects your strength (-2).
   Dex:       It affects your dexterity (+3).
   rF:        It makes you vulnerable to fire.
   rC:        It protects you from cold.
   Will:      It increases your willpower.
Wands
 z - a wand of polymorph (14)
 A - a wand of iceblast (29)
 G - a wand of mindburst (25)
 H - a wand of light (31)
 O - a wand of digging (7)
 Q - a wand of flame (102)
 T - a wand of charming (33)
Scrolls
 j - 15 scrolls of fog
 l - 18 scrolls of teleportation
 m - 11 scrolls of poison
 n - 8 scrolls of immolation
 q - 3 scrolls of fear
 x - 4 scrolls of magic mapping
 y - 3 scrolls of torment
 N - 2 scrolls of enchant weapon
 P - a scroll of butterflies
Potions
 a - 2 potions of magic
 b - 10 potions of flight
 c - 8 potions of heal wounds
 d - 11 potions of attraction
 h - 8 potions of ambrosia
 k - 11 potions of might
 p - 4 potions of cancellation
 s - 7 potions of resistance
 t - 25 potions of curing
 u - 11 potions of lignification
 w - 11 potions of brilliance
 D - 8 potions of haste
 M - 8 potions of mutation
Miscellaneous
 B - a phantom mirror
 C - a condenser vane
 V - a phial of floods
 W - a box of beasts


   Skills:
 - Level 20.1 Fighting
 - Level 16.0 Dodging
 - Level 1.7 Stealth
 - Level 13.0 Shields
 - Level 16.0 Spellcasting
 - Level 19.0 Conjurations
 - Level 21.0 Summonings
 + Level 12.5 Necromancy
 - Level 5.0 Translocations
 - Level 1.0 Transmutations
 - Level 1.1 Fire Magic
 - Level 11.2 Ice Magic
 - Level 17.3 Earth Magic
 - Level 12.1 Evocations


You had one spell level left.
You knew the following spells:

 Your Spells              Type           Power      Damage    Failure   Level
a - Borgnjor's Vile Clut  Necr/Erth      43%        N/A       1%          5
b - Summon Horrible Thin  Summ           50%        N/A       3%          8
c - Passwall              Tmut/Erth      57%        N/A       1%          2
d - Iron Shot             Conj/Erth      47%        9d9       1%          6
e - Lee's Rapid Deconstr  Erth           46%        3d22*     1%          5
f - Spellforged Servitor  Conj/Summ      49%        N/A       1%          7
g - Freezing Cloud        Conj/Ice/Air   36%        6-21      1%          5
h - Haunt                 Necr/Summ      45%        N/A       2%          7
i - Passage of Golubria   Tloc           54%        N/A       4%          4
q - Lehudib's Crystal Sp  Conj/Erth      47%        10d11     3%          8

Your spell library contained the following spells:

 Spells                   Type           Power      Damage    Failure   Level
 Chain Lightning          Conj/Air       35%        3d47      100%        9
 Kiss of Death            Conj/Necr      100%       2d13      0%          1
 Magic Dart               Conj           100%       1d8       0%          1
 Sandblast                Erth           100%       2d20      0%          1
 Summon Small Mammal      Summ           100%       N/A       0%          1
 Beastly Appendage        Tmut           62%        N/A       1%          1
 Foxfire                  Conj/Fire      100%       2x1d9     1%          1
 Necrotise                Necr           100%       1d9       1%          1
 Sting                    Tmut/Pois      100%       1d8       2%          1
 Slow                     Hex            96%        N/A       3%          1
 Call Imp                 Summ           100%       N/A       0%          2
 Searing Ray              Conj           100%       2d8       0%          2
 Call Canine Familiar     Summ           100%       N/A       0%          3
 Hailstorm                Conj/Ice       87%        3d17      0%          3
 Stone Arrow              Conj/Erth      100%       3d13      0%          3
 Cigotuvi's Dreadful Rot  Necr/Pois/Air  100%       N/A       1%          2
 Ensorcelled Hibernation  Hex/Ice        100%       N/A       1%          2
 Momentum Strike          Conj/Tloc      100%       3d10      1%          2
 Poisonous Vapours        Pois/Air       48%        N/A       1%          2
 Static Discharge         Conj/Air       100%       2-7/arc   1%          2
 Dazzling Flash           Conj/Hex       100%       N/A       1%          3
 Frozen Ramparts          Ice            100%       1d16      1%          3
 Ignite Poison            Fire/Tmut/Pois 29%        N/A       1%          3
 Mephitic Cloud           Conj/Pois/Air  59%        N/A       1%          3
 Ozocubu's Armour         Ice            76%        N/A       1%          3
 Summon Guardian Golem    Hex/Summ       74%        N/A       1%          3
 Vampiric Draining        Necr           80%        2d11      1%          3
 Volatile Blastmotes      Fire/Tloc      86%        2d17      1%          3
 Animate Dead             Necr           80%        N/A       1%          4
 Dispel Undead            Necr           80%        3d26      1%          4
 Fulminant Prism          Conj/Hex       35%        3d17      1%          4
 Iskenderun's Mystic Bla  Conj/Tloc      78%        2d16      1%          4
 Leda's Liquefaction      Hex/Erth       34%        N/A       1%          4
 Petrify                  Tmut/Erth      69%        N/A       1%          4
 Summon Ice Beast         Ice/Summ       90%        N/A       1%          4
 Summon Lightning Spire   Summ/Air       74%        N/A       1%          4
 Agony                    Necr           80%        N/A       1%          5
 Arcjolt                  Conj/Air       35%        1d45      1%          5
 Fireball                 Conj/Fire      36%        3d15      1%          5
 Irradiate                Conj/Tmut      36%        3d23      1%          5
 Iskenderun's Battlesphe  Conj           97%        2d14      1%          5
 Summon Forest            Summ/Tloc      40%        N/A       1%          5
 Summon Mana Viper        Hex/Summ       74%        N/A       1%          5
 Summon Cactus Giant      Summ           50%        N/A       1%          6
 Monstrous Menagerie      Summ           50%        N/A       1%          7
 Orb of Destruction       Conj           48%        9d13      1%          7
 Summon Hydra             Summ           50%        N/A       1%          7
 Ice Form                 Ice/Tmut       58%        N/A       2%          4
 Conjure Ball Lightning   Conj/Air       35%        3x3d11    2%          6
 Death Channel            Necr           40%        N/A       2%          6
 Starburst                Conj/Fire      36%        6d11      2%          6
 Wereblood                Tmut           31%        N/A       3%          2
 Portal Projectile        Hex/Tloc       80%        N/A       3%          3
 Vhi's Electric Charge    Tloc/Air       80%        N/A       3%          3
 Simulacrum               Ice/Necr       39%        N/A       3%          6
 Manifold Assault         Tloc           54%        N/A       4%          4
 Ozocubu's Refrigeration  Ice            38%        4d15      7%          7
 Spider Form              Tmut/Pois      28%        N/A       8%          3
 Airstrike                Air            12%        2d(2-18)  9%          4
 Metabolic Englaciation   Hex/Ice        28%        N/A       9%          5
 Confusing Touch          Hex            24%        N/A       10%         3
 Swiftness                Air            24%        N/A       10%         3
 Tukima's Dance           Hex            24%        N/A       10%         3
 Statue Form              Tmut/Erth      46%        N/A       11%         6
 Malign Gateway           Summ/Tloc      40%        N/A       13%         7
 Yara's Violent Unravell  Hex/Tmut       14%        3d7       17%         5
 Blade Hands              Tmut           15%        N/A       50%         5
 Dragon's Call            Summ           50%        N/A       50%         9
 Dispersal                Tloc           27%        N/A       52%         6
 Shatter                  Erth           46%        3d36*     52%         9
 Alistair's Intoxication  Tmut/Pois      18%        N/A       56%         5
 Silence                  Hex/Air        12%        N/A       65%         5
 Eringya's Noxious Bog    Tmut/Pois      14%        N/A       65%         6
 Plasma Beam              Fire/Air       14%        2x1d27    65%         6
 Infestation              Necr           40%        N/A       77%         8
 Dragon Form              Tmut           15%        N/A       100%        7
 Disjunction              Tloc           27%        N/A       100%        8
 Necromutation            Tmut/Necr      30%        N/A       100%        8
 Death's Door             Necr           40%        N/A       100%        9


Dungeon Overview and Level Annotations

Branches:
Dungeon (15/15)            Temple (1/1) D:7            Lair (5/5) D:11
  Swamp (4/4) Lair:2       Spider (4/4) Lair:3        Slime (5/5) Lair:5
    Orc (2/2) D:11            Elf (3/3) Orc:2        Vaults (4/5) D:14
  Crypt (3/3) Vaults:3       Tomb (0/3) Crypt:3      Depths (4/4) D:15
    Zot (5/5) Depths:4    Ossuary (visited)           IceCv (visited)

Altars:
Ashenzari
Elyvilon
Fedhas
Gozag
Kikubaaqudgha
Makhleb
Qazlal
Ru
Sif Muna
Trog
Uskayaw
Vehumet
Wu Jian
Xom
Yredelemnul
Zin
The Shining One
Jiyva

Shops:
D:13 *   Orc:2 ?[(=   Elf:1 :*(   Vaults:3 (

Portals:
Hell: Depths:1 Depths:2 Depths:3 Depths:4
Abyss: Depths:1 Depths:2 Depths:3 Depths:4
Pandemonium: Depths:2
Ziggurat: Depths:4

Annotations:
D:4 1 runed translucent door, Dani's ghost, amateur AtHu; Edmund
D:8 exclusions: 2 centaurs and door
Swamp:1 1 runed translucent door, Zachydoop's ghost, journeyman DsGl
Swamp:3 3 runed translucent doors, KCGemini's ghost, journeyman FeBe; Silenth's ghost, adept KoHu
Slime:5 Royal Jelly
Crypt:1 2 transporters, Khufu; rrossfarrar's ghost, veteran BaFi
Crypt:2 36 runed doors
Crypt:3 1 runed translucent door, Hali's ghost, veteran FoFi
Zot:1 3 runed translucent doors, Sofait's ghost, legendary GnFE
Zot:2 3 runed translucent doors


Innate Abilities, Weirdness & Mutations

You can breathe waves of freezing cold which knock back foes.
Your icy white scales are hard. (AC +13)
You cannot fit into any form of body armour.
Your flesh is cold resistant. (rC+)
You are cold-blooded and may be slowed by cold attacks.
You have large cloven feet.
You have a pair of horns on your head.
You sometimes lose your temper in combat.
You are dopey. (Int -2)
Your system is resistant to poisons. (rPois)
Your muscles are strong. (Str +4, Int/Dex -1)
You expend magic power (3 MP) to strengthen your wands.


Message History

(N) Spider Nest (M) Slime Pits (O) Orcish Mines (E) Elven Halls (V) Vaults (C) Crypt (W) Tomb (U) Depths (H) Hell (Z) Zot
Where to? (Enter - D:1, ? - help) Dani's ghost turns its malevolent gaze towards you.
There is a stone staircase leading up here.
You climb upwards.
There is a stone staircase leading down here.
A soul eater comes into view.
Casting: Passwall (safe; 1% risk of failure)
Confirm with . or Enter, or press ? or * to list all spells.
The soul eater hits your large abomination!
The soul eater hits your large abomination.
Your large abomination misses the soul eater.
Your large abomination hits the soul eater but does no damage.
Your large abomination closely misses the soul eater.
The soul eater hits your large abomination.
Your large abomination closely misses the soul eater.
Your large abomination closely misses the soul eater.
The soul eater barely misses your large abomination.
Your large abomination hits the soul eater!!
The soul eater hits your large abomination.
Your large abomination hits the soul eater!!
There is a stone staircase leading up here.
Your large abomination barely misses the soul eater.
The soul eater hits your large abomination!
Your large abomination hits the soul eater.
You climb upwards.
There is a stone staircase leading down here.
(D) Dungeon (T) Temple (L) Lair (S) Swamp (N) Spider Nest (M) Slime Pits (O) Orcish Mines (E) Elven Halls (V) Vaults (C) Crypt (W) Tomb (U) Depths (H) Hell (Z) Zot
Where to? (Enter - D:1, ? - help) Magic restored.
There is a stone staircase leading up here.
You climb upwards.
There is a stone staircase leading down here.
There is a staircase leading out of the dungeon here.
You have escaped!

###### #....##....#.............#
#....###.#####....#.............#
.....'...# #....#.............#
.....####################..####.#
............§§.............# #.#
.......§.§≈§§§......§§§§...# #.#
.)......≈..§§...≈≈≈≈....≈..## #.#
.........≈≈....≈..§...≈§..#.# #.#
......##...§....@.§..≈...##.# #.#
......####..§§≈§≈.≈.≈.#####.###.#
......# ##.§§§...≈...# #.#...#
'############§≈...≈.### #.#....
...........##.§§§.§.# #.#####
##########.##.§§§≈§.#######......
.#########'###..§§§###....###..##
..............#...## #.##.##..##
..............#..#####.#.....####


There were no monsters in sight!

Vanquished Creatures
  2 dread liches (Crypt:3)
  Vv (Crypt:3)
  A curse toe (Zot:2)
  A caustic shrike (Depths:3)
  A profane servitor (Crypt:3)
  The ghost of wjchen the Warrior, an adept MiFi of Okawaru (Elf:2)
  Jory (Depths:1)
  Nikola (Swamp:3)
  Zenata (Vaults:3)
  7 liches
  5 tentacled monstrosities
  3 Orb Guardians (Zot:5)
  A walking divine tome (Depths:3)
  Asterion (Depths:1)
  2 deep elf blademasters
  A quicksilver dragon (Zot:2)
  A deep elf master archer (Elf:3)
  A titan (Depths:3)
  9 acid blobs
  5 ancient champions (Crypt:3)
  A death cob (Zot:2)
  3 sphinxes
  3 tentacled starspawn (Abyss:3)
  A storm dragon (Depths:4)
  2 draconian monks
  A thorn hunter (Swamp:3)
  A shadow dragon (Zot:2)
  3 draconian knights
  6 rockslimes
  3 revenants
  7 azure jellies
  An emperor scorpion (Spider:4)
  2 fire giants
  7 deep elf sorcerers
  A frost giant (Depths:3)
  A balrug (Depths:3)
  An iron dragon (Depths:4)
  4 curse skulls
  3 draconian shifters
  A draconian scorcher (Zot:1)
  2 ghouls
  5 vault wardens
  9 ghost moths
  3 draconian annihilators
  A draconian stormcaller (Zot:5)
  An orc warlord (Vaults:3)
  8 quicksilver oozes
  11 ironbound preservers
  11 very ugly things
  3 ironbound thunderhulks
  A stone giant (Vaults:2)
  3 broodmothers
  A starflower (Abyss:3)
  6 deep elf annihilators (Elf:3)
  2 green draconians
  9 vampire knights
  3 eleionomae
  3 lorocyprocas (Depths:1)
  2 yellow draconians
  A deep elf demonologist (Abyss:1)
  3 black draconians (Zot:1)
  3 purple draconians
  Azrael (D:14)
  A dire elephant (Depths:2)
  2 white draconians (Zot:1)
  3 bunyips
  7 spark wasps
  A red draconian (Zot:3)
  2 ettins
  2 crystal guardians (Vaults:2)
  A mummy priest (Crypt:3)
  4 fire dragons
  4 deep elf death magi
  Josephine (D:15)
  7 eidola
  3 yaktaur captains
  7 deep elf high priests
  5 jiangshi
  4 great orbs of eyes
  A shambling mangrove (Swamp:4)
  3 entropy weavers
  2 catoblepae
  A peacekeeper (Vaults:2)
  10 vault guards
  3 ogre magi
  3 ghost crabs
  10 hydras
  5 boulder beetles
  A radroach (Spider:1)
  A jorogumo (Spider:2)
  2 ironbound frosthearts
  15 centaur warriors
  7 dancing weapons
  A death knight (D:14)
  21 two-headed ogres
  2 alligators
  2 deep troll earth magi
  4 tengu warriors
  An orc high priest (Orc:1)
  5 spriggan berserkers
  6 vampire magi
  A sun demon (Depths:3)
  2 thrashing horrors (Abyss:3)
  Sonja (Orc:2)
  Urug (Lair:2)
  18 deep elf knights
  5 hell knights
  Amaemon (Lair:1)
  6 skeletal warriors
  2 wretched stars
  14 shadow wraiths
  3 skysharks
  3 sun moths
  A death drake (Swamp:2)
  A quicksilver dragon simulacrum (Depths:3)
  5 iron trolls
  2 pharaoh ants (Spider:2)
  6 glowing orange brains
  10 swamp dragons
  5 flayed ghosts
  33 deep trolls
  3 spriggan druids
  3 orb spiders
  10 deep elf archers
  An iron giant zombie (Crypt:3)
  6 phantasmal warriors
  A harpy (shapeshifter) (D:14)
  2 steelbarb worms
  10 lindwurms
  12 deep elf zephyrmancers
  2 harpies (Vaults:1)
  4 bog bodies
  17 deep elf pyromancers
  6 orc knights
  5 wizards
  11 ironbound convokers
  2 oklob plants
  5 manticores
  22 ugly things
  8 wolf spiders
  An orc sorcerer (Orc:2)
  4 shining eyes
  5 necromancers
  8 cyclopes
  A shadow dragon skeleton (Crypt:3)
  4 elephants (Lair:3)
  8 moths of wrath
  A worldbinder (Abyss:1)
  7 black mambas
  7 vault sentinels
  Maurice (D:12)
  A guardian serpent (Lair:5)
  A stone giant skeleton (Crypt:1)
  2 gargoyles
  2 demonic crawlers
  An ice statue (Depths:3)
  A torpor snail (Lair:5)
  15 cane toads
  An orange demon (Lair:1)
  A yaktaur zombie (Vaults:3)
  2 nameless horrors
  An unseen horror (shapeshifter) (Elf:2)
  An efreet (D:14)
  14 yaktaurs
  An anaconda simulacrum (Crypt:3)
  4 rime drakes
  8 komodo dragons
  An unseen horror (D:10)
  2 kobold demonologists (D:14)
  A freezing wraith (D:14)
  2 tengu conjurers
  A red devil (Depths:2)
  2 guardian mummies (Crypt:3)
  13 trolls
  3 tyrant leeches
  A bloated husk (Swamp:4)
  A tengu simulacrum (Vaults:2)
  8 meliai
  A large abomination (Elf:1)
  10 polar bears
  19 tarantellas
  10 hornets
  5 blink frogs (Lair:3)
  2 raiju (Lair:5)
  A raiju (shapeshifter) (D:9)
  A centaur simulacrum (D:14)
  25 jumping spiders
  An air elemental (Elf:1)
  A vampire (Crypt:3)
  A water elemental (Depths:1)
  14 wyverns
  48 slime creatures
  22 yaks
  9 spriggans
  7 wraiths
  10 culicivoras
  2 fire bats (Swamp:4)
  4 basilisks
  A fire elemental (D:14)
  5 starcursed masses (Abyss:3)
  5 steam dragons
  36 redbacks
  21 vampire mosquitoes
  Menkaure (D:4)
  19 swamp worms
  7 wargs
  3 acid dragons
  20 water moccasins
  20 hell hounds
  3 ice beasts
  2 sky beasts (D:6)
  8 swamp drakes (Swamp:4)
  A demonspawn skeleton (Crypt:3)
  A swamp dragon zombie (Crypt:2)
  25 orc warriors
  11 black bears (Lair:5)
  18 ogres
  25 wolves
  3 ettin simulacra (Depths:3)
  6 centaurs
  6 kobold brigands
  10 bullfrogs
  2 necrophages (Crypt:1)
  3 gnoll sergeants
  10 scorpions
  9 wights
  7 killer bees
  10 electric eels
  6 howler monkeys
  3 centaur zombies
  4 jellies
  A basilisk zombie (Crypt:2)
  2 human zombies
  A gnoll bouda (D:9)
  18 orc priests
  16 orc wizards
  A sleepcap (D:6)
  3 iguanas
  3 scorpion zombies (Ossuary)
  A polar bear simulacrum (IceCv)
  3 mummies (Ossuary)
  16 gnolls
  2 adders
  A shadow imp (D:7)
  2 white imps
  4 ufetubi
  4 worms
  A dart slug (D:3)
  57 orcs
  5 bats
  12 endoplasms
  2 giant cockroaches
  6 goblins
  6 hobgoblins
  35 kobolds
  5 quokkas
  7 ball pythons
  3 frilled lizards
  4 gnoll zombies (Ossuary)
  3 goblin zombies (Ossuary)
  2 hobgoblin zombies (Ossuary)
  A jackal zombie (Crypt:1)
  3 kobold zombies (Ossuary)
  An orc zombie (Ossuary)
  5 rats
  9 briar patches (Swamp:2)
  3 spectral weapons
  2 starspawn tentacles (Abyss:3)
1492 creatures vanquished.

Vanquished Creatures (collateral kills)
  4 dread liches (Zot:5)
  2 ancient liches (Zot:5)
  4 orbs of fire
  Mara (Depths:2)
  3 Killer Klowns (Zot:5)
  A curse toe (Zot:2)
  2 caustic shrikes (Depths:3)
  7 golden dragons
  2 bone dragons
  Arachne (Spider:4)
  Jorgrun (Elf:2)
  An electric golem (Zot:5)
  2 liches
  4 tentacled monstrosities
  19 Orb Guardians (Zot:5)
  A deep elf blademaster (Elf:3)
  A walking earthen tome (Depths:3)
  A quicksilver dragon (Depths:3)
  2 deep elf master archers (Elf:3)
  5 acid blobs
  3 death cobs
  6 ancient champions
  5 tentacled starspawn
  5 storm dragons
  4 shadow dragons
  2 draconian monks
  A revenant (Crypt:1)
  A tengu reaver (Depths:4)
  5 sphinxes
  4 fire giants
  A rockslime (shapeshifter) (Depths:3)
  2 emperor scorpions
  4 deep elf sorcerers (Elf:3)
  6 vault wardens
  7 rockslimes
  2 azure jellies
  A draconian knight (Zot:2)
  An iron dragon (Depths:3)
  A juggernaut zombie (Crypt:3)
  2 draconian shifters (Zot:5)
  4 deep elf elementalists (Elf:3)
  A draconian annihilator (Zot:1)
  3 quicksilver oozes
  6 ghouls
  2 war gargoyles
  6 ironbound preservers
  15 very ugly things
  3 green draconians
  7 stone giants
  4 ironbound thunderhulks
  3 vampire knights
  An eleionoma (Swamp:4)
  4 deep elf demonologists (Elf:3)
  5 black draconians
  2 purple draconians
  A starflower (Abyss:3)
  3 deep elf annihilators (Elf:3)
  8 white draconians
  4 dire elephants
  3 red draconians
  A juggernaut skeleton (Crypt:3)
  4 yellow draconians
  7 spark wasps
  7 eidola
  2 ettins (Depths:3)
  A blizzard demon (Depths:3)
  2 mummy priests (Crypt:1)
  6 deep elf death magi
  11 jiangshi
  6 fire dragons
  An entropy weaver (Spider:3)
  6 yaktaur captains
  3 hydras
  7 vault guards
  A fenstrider witch zombie (Crypt:3)
  5 great orbs of eyes
  6 deep elf high priests
  3 ice dragons
  5 spriggan air magi
  A spriggan skeleton (Crypt:2)
  2 centaur warriors (Vaults:3)
  A ghost crab (Swamp:1)
  An ironbound frostheart (Vaults:1)
  A jorogumo (shapeshifter) (Vaults:2)
  A two-headed ogre (Depths:2)
  A radroach (Spider:1)
  2 alligators (Swamp:3)
  A titan zombie (Vaults:3)
  A boulder beetle (Spider:3)
  A death knight (Crypt:3)
  17 dancing weapons
  3 deep troll shamans
  A bennu skeleton (Crypt:2)
  5 vampire magi
  4 hell hogs (Depths:3)
  9 tengu warriors (Depths:3)
  2 deep troll earth magi (Depths:3)
  5 spriggan berserkers (Depths:3)
  4 hell knights
  7 soul eaters
  A thrashing horror (Depths:1)
  8 spriggans
  A storm dragon zombie (Crypt:1)
  18 skeletal warriors
  7 iron trolls
  A deep elf knight (Elf:1)
  3 sun demons
  A fire crab (Swamp:4)
  A sixfirhy (Abyss:2)
  A wretched star (Abyss:1)
  A shadow demon (Abyss:1)
  3 spriggan druids
  4 goliath frogs
  A sun moth (Spider:1)
  38 deep trolls
  A quicksilver dragon simulacrum (Depths:3)
  5 pharaoh ants
  7 bog bodies
  A steelbarb worm (Spider:4)
  4 swamp dragons
  2 deep elf archers
  A flayed ghost (Crypt:3)
  11 ironbound convokers
  3 orb spiders
  10 deep elf pyromancers
  8 deep elf zephyrmancers
  9 phantasmal warriors
  6 lindwurms
  5 necromancers
  2 orc knights (Vaults:3)
  2 wizards
  10 starcursed masses
  8 wolf spiders
  2 harpies
  13 ugly things
  A manticore (shapeshifter) (Elf:1)
  An oklob plant (Abyss:3)
  5 moths of wrath
  A sphinx skeleton (Vaults:1)
  2 shining eyes (Depths:2)
  2 rust devils
  8 will-o-the-wisps
  A worldbinder (Abyss:1)
  2 eleionoma skeletons
  A stone giant skeleton (Crypt:3)
  A guardian serpent (Abyss:1)
  2 smoke demons
  4 demonic crawlers
  11 vault sentinels
  A torpor snail (Spider:3)
  An elf skeleton (Vaults:3)
  2 eyes of devastation
  8 freezing wraiths
  A human zombie (Vaults:1)
  A kobold demonologist (Depths:1)
  2 ice devils (Depths:3)
  13 yaktaurs
  A tormentor (Depths:2)
  An anaconda simulacrum (Crypt:2)
  2 tengu conjurers
  An orb spider zombie (Crypt:3)
  10 guardian mummies
  A yaktaur skeleton (Vaults:1)
  3 ancient zymes
  2 harpy zombies
  A grey draconian skeleton (Crypt:3)
  A hellwing (Depths:2)
  3 tyrant leeches
  11 hornets
  2 raiju
  A wind drake (shapeshifter) (Elf:1)
  8 tarantellas
  2 nameless horrors
  A dream sheep (shapeshifter) (Depths:4)
  A fire giant simulacrum (Vaults:2)
  6 culicivoras
  15 flying skulls (Crypt:1)
  22 jumping spiders
  27 slime creatures
  2 ynoxinuls (Abyss:1)
  An air elemental (Elf:1)
  A meliai zombie (Crypt:2)
  2 wraiths
  2 ettin skeletons
  2 fire bats (Abyss:3)
  A vampire (Crypt:3)
  6 water elementals
  4 large abominations
  A neqoxec (Abyss:3)
  4 golden eyes
  4 vampire mosquitoes (Depths:1)
  19 redbacks
  2 death yak simulacra (IceCv)
  8 swamp worms
  4 hell hounds
  An acid dragon (D:14)
  2 floating eyes
  A hornet zombie (Crypt:3)
  3 ettin simulacra (Depths:3)
  2 swamp drakes
  An ice beast (Abyss:1)
  A sky beast (Abyss:1)
  An ogre (Depths:2)
  An elf zombie (Elf:1)
  4 necrophages (Crypt:3)
  A draconian zombie (Crypt:2)
  A salamander skeleton (Crypt:1)
  3 small abominations
  A human simulacrum (Vaults:2)
  2 elephant simulacra (IceCv)
  A raiju skeleton (Crypt:3)
  A wolf zombie (Crypt:1)
  A quasit (Abyss:2)
  A bullfrog zombie (Crypt:1)
  A jelly (Abyss:3)
  A mummy (Crypt:3)
  A howler monkey skeleton (Crypt:2)
  A white imp (Abyss:3)
  An ufetubus (Abyss:1)
  A worm zombie (Crypt:3)
  A jelly zombie (Crypt:3)
  A goblin skeleton (Crypt:3)
  A hobgoblin skeleton (Crypt:2)
  A lurking horror (Abyss:2)
  3 spectral weapons (Swamp:2)
  11 starspawn tentacles
874 creatures vanquished.

Vanquished Creatures (others)
  A caustic shrike (Depths:3)
  A ghost moth (Depths:1)
  2 hydras
  A swamp dragon (Swamp:2)
  A steam dragon (Swamp:4)
  2 swamp drakes (Swamp:4)
  3 demonic plants (Abyss:3)
  10 foxfires
  38 fungi
  98 plants
  35 starspawn tentacles
  10 toadstools (D:2)
  58 withered plants (Crypt:1)
260 creatures vanquished.

Grand Total: 2626 creatures vanquished

Notes
Turn   | Place    | Note
-------+----------+-------------------------------------------
     0 | D:1      | Minorbread the Draconian Earth Elementalist began the quest
                  | for the Orb.
     0 | D:1      | Reached XP level 1. HP: 14/14 MP: 3/3
   454 | D:1      | Reached XP level 2. HP: 20/20 MP: 1/5
  1069 | D:2      | Reached XP level 3. HP: 26/26 MP: 4/7
  1260 | D:2      | Reached XP level 4. HP: 33/33 MP: 5/10
  1503 | D:2      | Reached XP level 5. HP: 28/38 MP: 7/12
  1579 | D:2      | Reached skill level 5 in Spellcasting
  1696 | D:2      | Learned a level 3 spell: Stone Arrow
  2776 | D:4      | Noticed Menkaure
  2808 | D:4      | Noticed Edmund
  2879 | D:4      | Reached skill level 1 in Conjurations
  3264 | D:4      | Killed Menkaure
  3265 | D:4      | Reached XP level 6. HP: 11/45 MP: 8/13
  3414 | D:4      | Found a runed translucent door.
  3414 | D:4      | Noticed Dani's ghost (amateur AtHu)
  3492 | D:4      | Identified a scroll of acquirement
  3493 | D:4      | Acquired 410 gold pieces
  3827 | D:5      | Entered Level 5 of the Dungeon
  4042 | D:5      | Your scales start taking on an icy white colour.
  4042 | D:5      | Reached XP level 7. HP: 44/50 MP: 5/14
  4042 | D:5      | Gained mutation: Your flesh is cold resistant. (rC+) [White
                  | Draconian growth]
  4123 | D:5      | Reached skill level 5 in Earth Magic
  4262 | D:5      | Reached skill level 5 in Conjurations
  4267 | D:5      | Found a sand-covered staircase.
  4273 | Ossuary  | Entered an ossuary
  4810 | Ossuary  | Reached XP level 8. HP: 52/57 MP: 10/15
  6488 | D:6      | Found an ornate altar of the Wu Jian Council.
  6541 | D:6      | Reached XP level 9. HP: 62/62 MP: 7/16
  6763 | D:6      | Reached skill level 1 in Fighting
  7377 | D:6      | Acquired a book of Power
  7382 | D:6      | Learned a level 2 spell: Passwall
  7466 | D:7      | Found a staircase to the Ecumenical Temple.
  7553 | Temple   | Entered the Ecumenical Temple
  7668 | Temple   | Became a worshipper of Vehumet
  7989 | D:7      | Reached skill level 5 in Fighting
  9955 | D:9      | Noticed a troll
  9964 | D:9      | Noticed a skeletal warrior
  9964 | D:9      | Noticed a troll
  9964 | D:9      | Noticed a cane toad
  9964 | D:9      | Noticed a meliai
  9964 | D:9      | Noticed a centaur warrior
  9965 | D:9      | Reached XP level 10. HP: 57/81 MP: 10/20
  9984 | D:8      | Reached * piety under Vehumet
  9984 | D:8      | Offered knowledge of Freeze by Vehumet.
 10797 | D:9      | Killed a centaur warrior
 10950 | D:9      | Killed a skeletal warrior
 10951 | D:9      | Reached skill level 10 in Conjurations
 10951 | D:9      | Reached skill level 10 in Earth Magic
 11286 | D:9      | Noticed a two-headed ogre
 11291 | D:9      | Killed a two-headed ogre
 11375 | D:9      | Reached XP level 11. HP: 86/86 MP: 16/23
 11551 | D:9      | Noticed a centaur warrior
 11551 | D:9      | Noticed a brown ugly thing
 11600 | D:9      | Noticed a two-headed ogre
 11893 | D:9      | Offered knowledge of Momentum Strike by Vehumet.
 11948 | D:9      | Reached ** piety under Vehumet
 11998 | D:9      | Noticed a death knight
 12261 | D:9      | Killed a two-headed ogre
 12296 | D:9      | Noticed a deep elf pyromancer
 12300 | D:9      | Killed a deep elf pyromancer
 12456 | D:9      | Identified the +9 spear of Extermination {heavy, rElec
                  | Will- Str+5 Int+2}
 12459 | D:9      | Reached skill level 10 in Spellcasting
 12654 | D:9      | Noticed a centaur warrior
 12812 | D:9      | Learned a level 6 spell: Iron Shot
 12860 | D:10     | Entered Level 10 of the Dungeon
 13315 | D:10     | Offered knowledge of Frozen Ramparts by Vehumet.
 14197 | D:11     | Noticed an oklob plant
 14213 | D:11     | Found a staircase to the Lair.
 14229 | D:11     | Reached *** piety under Vehumet
 14404 | D:11     | Noticed a two-headed ogre
 14430 | D:11     | Killed a two-headed ogre
 14789 | D:11     | Offered knowledge of Dazzling Flash by Vehumet.
 14887 | D:11     | Found a staircase to the Orcish Mines.
 14945 | D:11     | Noticed a boulder beetle
 14972 | D:11     | Killed a boulder beetle
 14973 | D:11     | Reached XP level 12. HP: 50/103 MP: 7/26
 15114 | D:11     | Noticed a two-headed ogre
 15118 | D:11     | Killed a two-headed ogre
 15463 | D:11     | Noticed a two-headed ogre
 15470 | D:11     | Killed a two-headed ogre
 15992 | Lair:1   | Entered Level 1 of the Lair of Beasts
 15993 | Lair:1   | Noticed Amaemon
 16002 | Lair:1   | Killed Amaemon
 16787 | Lair:1   | Found a shimmering altar of Xom.
 16883 | Lair:1   | Reached **** piety under Vehumet
 17274 | Lair:2   | Noticed Urug
 17277 | Lair:2   | Killed Urug
 17680 | Lair:2   | Identified the +6 dagger of the Extremes {venom, rC+ rN+
                  | Str+7 Stlth-}
 18193 | Lair:2   | Found a staircase to the Swamp.
 18199 | Lair:2   | Offered knowledge of Lee's Rapid Deconstruction by Vehumet.
 18206 | Lair:2   | Learned a level 5 spell: Lee's Rapid Deconstruction
 19336 | Lair:3   | Found a hole to the Spider Nest.
 19341 | Lair:3   | Reached XP level 13. HP: 95/111 MP: 20/27
 19359 | Lair:3   | Reached skill level 5 in Dodging
 20033 | Lair:3   | Reached ***** piety under Vehumet
 20076 | Lair:3   | Offered knowledge of Sticky Flame by Vehumet.
 21393 | Lair:5   | Entered Level 5 of the Lair of Beasts
 21393 | Lair:5   | Found a viscous altar of Jiyva.
 21393 | Lair:5   | Found a staircase to the Slime Pits.
 22377 | Lair:5   | Paralysed by a hornet for 2 turns
 22503 | Lair:5   | Learned a level 7 spell: Spellforged Servitor
 22586 | Lair:5   | Reached skill level 1 in Summonings
 22848 | Lair:5   | Reached skill level 2 in Summonings
 23169 | Lair:5   | Reached skill level 3 in Summonings
 23822 | Lair:5   | Reached skill level 4 in Summonings
 24020 | Lair:5   | Offered knowledge of Fireball by Vehumet.
 24519 | Lair:5   | Reached XP level 14. HP: 118/118 MP: 21/28
 24751 | Lair:5   | Reached skill level 5 in Summonings
 25616 | Lair:5   | Reached skill level 6 in Summonings
 26864 | D:9      | Got the Folio of the Union and the Caves
 27380 | Orc:1    | Entered Level 1 of the Orcish Mines
 27387 | Orc:1    | Reached skill level 7 in Summonings
 27670 | Orc:1    | Reached skill level 15 in Earth Magic
 27676 | Orc:1    | Found a frozen archway.
 27782 | IceCv    | Entered an ice cave
 27933 | IceCv    | Found a transporter.
 27949 | IceCv    | Found a transporter.
 29036 | Orc:1    | Offered knowledge of Arcjolt by Vehumet.
 29338 | Orc:2    | Entered Level 2 of the Orcish Mines
 29389 | Orc:2    | Reached skill level 8 in Summonings
 29653 | Orc:2    | Found Litsafef's Antique Armour Shoppe.
 29986 | Orc:2    | Noticed Sonja
 29997 | Orc:2    | Killed Sonja
 30158 | Orc:2    | Paralysed by an ogre mage for 4 turns
 30236 | Orc:2    | Found Hehev's Antique Weapon Emporium.
 30241 | Orc:2    | Found Baafup's Magic Scroll Boutique.
 30270 | Orc:2    | Paralysed by an ogre mage for 4 turns
 30355 | Orc:2    | Reached skill level 9 in Summonings
 31357 | Orc:2    | Found Qodwoq's Jewellery Shoppe.
 31360 | Orc:2    | Bought a scroll of teleportation for 54 gold pieces
 31360 | Orc:2    | Bought a scroll of teleportation for 54 gold pieces
 31366 | Orc:2    | Bought the ring "Kuatob" {rPois rN++} for 600 gold pieces
 31368 | Orc:2    | Bought an amulet of magic regeneration for 480 gold pieces
 31399 | Orc:2    | Found a staircase to the Elven Halls.
 31459 | Orc:2    | Reached XP level 15. HP: 124/124 MP: 21/29
 32110 | D:12     | You fall into a shaft and drop 3 floors!
 32110 | D:15     | Entered Level 15 of the Dungeon
 32177 | D:14     | Noticed Azrael
 32360 | D:13     | Reached skill level 10 in Summonings
 32857 | D:12     | Noticed Maurice
 32861 | D:12     | Killed Maurice
 33002 | D:12     | Identified the +6 long sword of Victory {drain, Str+6 Int-2
                  | Dex+2}
 33158 | D:12     | Identified the +7 dagger of the Festooned God {spect, rElec
                  | rN+ Will+ Stlth-}
 33514 | D:12     | Offered knowledge of Freezing Cloud by Vehumet.
 33559 | D:12     | Learned a level 5 spell: Freezing Cloud
 33726 | D:13     | Found an opulent altar of Gozag.
 33733 | D:13     | Reached skill level 15 in Conjurations
 33760 | D:13     | Reached skill level 1 in Ice Magic
 33972 | D:13     | Found Cinat's Assorted Antiques.
 33977 | D:13     | Bought a potion of heal wounds for 160 gold pieces
 34584 | D:14     | Killed Azrael
 35401 | D:14     | Reached skill level 5 in Ice Magic
 35485 | D:14     | Reached skill level 11 in Summonings
 35752 | D:14     | Found a gate to the Vaults.
 35879 | D:14     | HP: 4/124 [vault guard/+3 broad axe (18)]
 36401 | D:14     | Identified the +8 dagger of Change {protect, Fragile Str+7}
 36411 | D:14     | Found a bloodstained altar of Trog.
 36867 | D:15     | Found a staircase to the Depths.
 36868 | D:15     | Noticed a fire giant
 36879 | D:15     | Killed a fire giant
 37065 | D:15     | Reached skill level 12 in Summonings
 37334 | D:15     | Noticed Josephine
 37343 | D:15     | Killed Josephine
 37752 | Swamp:1  | Entered Level 1 of the Swamp
 37755 | Swamp:1  | Noticed a tentacled monstrosity
 37773 | Swamp:1  | Killed a tentacled monstrosity
 38422 | Swamp:1  | Found a runed translucent door.
 38559 | Swamp:1  | Offered knowledge of Conjure Ball Lightning by Vehumet.
 38940 | Swamp:1  | Noticed Zachydoop's ghost (journeyman DsGl)
 38989 | Swamp:2  | Reached XP level 16. HP: 105/132 MP: 19/31
 39111 | Swamp:2  | Found a transporter.
 39394 | Swamp:2  | Found a transporter.
 40843 | Swamp:3  | Noticed Nikola
 41360 | Swamp:3  | Killed Nikola
 42003 | Swamp:3  | Noticed a thorn hunter
 42007 | Swamp:3  | Killed a thorn hunter
 42192 | Swamp:3  | Found a runed translucent gate.
 42192 | Swamp:3  | Found a runed translucent gate.
 42192 | Swamp:3  | Found a runed translucent gate.
 42192 | Swamp:3  | Noticed KCGemini's ghost (journeyman FeBe)
 42193 | Swamp:3  | Noticed Silenth's ghost (adept KoHu)
 42400 | Swamp:4  | Entered Level 4 of the Swamp
 43324 | Swamp:2  | Identified the +4 hat of Free Expression {*Slow +Inv rElec
                  | Regen+}
 43329 | Swamp:2  | Identified the ring of Lies {Ice Will+ Str-2 Dex+3}
 43519 | Swamp:4  | Offered knowledge of Plasma Beam by Vehumet.
 43903 | Swamp:4  | Got a decaying rune of Zot
 43965 | Swamp:4  | Reached XP level 17. HP: 131/137 MP: 22/33
 44386 | Slime:1  | Entered Level 1 of the Pits of Slime
 44462 | Spider:1 | Entered Level 1 of the Spider Nest
 44734 | Vaults:1 | Entered Level 1 of the Vaults
 44753 | Vaults:1 | Reached skill level 1 in Shields
 45208 | Vaults:1 | You fall into a shaft and drop 1 floor!
 45444 | Vaults:1 | Reached skill level 5 in Shields
 46135 | Vaults:1 | Reached ****** piety under Vehumet
 46372 | Vaults:1 | Offered knowledge of Ozocubu's Refrigeration by Vehumet.
 46381 | Vaults:1 | Learned a level 7 spell: Ozocubu's Refrigeration
 46387 | Vaults:1 | Identified the +5 ring mail "Niqasm" {rCorr MP+9 Int+5}
 47107 | Vaults:2 | Identified the ring "Zoz Lyma" {Wiz Fly}
 47113 | Vaults:2 | Reached XP level 18. HP: 145/145 MP: 26/34
 47147 | Vaults:1 | Reached skill level 10 in Ice Magic
 47512 | D:13     | Identified the +2 robe of Jefiapuk {rPois rC++ Dex-2}
 47548 | D:12     | Learned a level 4 spell: Passage of Golubria
 47718 | Vaults:2 | Reached skill level 1 in Translocations
 48780 | Vaults:2 | Reached skill level 5 in Translocations
 49719 | Vaults:3 | Reached skill level 1 in Evocations
 50396 | Vaults:3 | Reached skill level 5 in Evocations
 50906 | Vaults:3 | Reached XP level 19. HP: 89/151 MP: 28/36
 51138 | Vaults:3 | Offered knowledge of Lehudib's Crystal Spear by Vehumet.
 51138 | Vaults:3 | Offered knowledge of Shatter by Vehumet.
 51138 | Vaults:3 | Offered knowledge of Chain Lightning by Vehumet.
 51149 | Vaults:3 | Noticed Zenata
 51155 | Vaults:3 | Killed Zenata
 51416 | Orc:2    | Bought a scroll of amnesia for 72 gold pieces
 51428 | Orc:2    | Learned a level 8 spell: Lehudib's Crystal Spear
 51882 | Vaults:3 | Found Hoothaof's Weapon Boutique.
 52288 | Vaults:3 | Found a staircase to the Crypt.
 52288 | Vaults:3 | Found a basalt altar of Yredelemnul.
 52289 | Vaults:3 | Found an ancient bone altar of Kikubaaqudgha.
 52929 | Vaults:4 | Reached skill level 10 in Shields
 55174 | Spider:1 | Reached skill level 10 in Evocations
 56303 | Spider:1 | Reached XP level 20. HP: 159/159 MP: 18/37
 58154 | Spider:4 | Entered Level 4 of the Spider Nest
 58222 | Spider:4 | Noticed Arachne
 58335 | Spider:4 | Killed Arachne
 59024 | Spider:4 | Reached skill level 10 in Fighting
 59361 | Spider:4 | Found the +3 crown of Dyrovepreva {rElec Int+2 SInv}
 59379 | Spider:4 | Identified the orb "Ybievih" {*Rage, rF+}
 59398 | Spider:4 | Got a gossamer rune of Zot
 59817 | Slime:2  | Gained mutation: You are vulnerable to heat. (rF-) [a
                  | shining eye]
 59820 | Slime:2  | Gained mutation: You occasionally shout uncontrollably at
                  | your foes. [a shining eye]
 59822 | Slime:2  | Gained mutation: You occasionally lose the ability to read
                  | scrolls when taking damage. [a shining eye]
 59875 | Slime:1  | Lost mutation: You are vulnerable to heat. (rF-) [potion of
                  | mutation]
 59875 | Slime:1  | Lost mutation: You occasionally shout uncontrollably at
                  | your foes. [potion of mutation]
 59875 | Slime:1  | Gained mutation: Your mind is acute. (Int +4, Str/Dex -1)
                  | [potion of mutation]
 59875 | Slime:1  | Gained mutation: You sometimes lose your temper in combat.
                  | [potion of mutation]
 59876 | Slime:1  | Lost mutation: Your mind is acute. (Int +4, Str/Dex -1)
                  | [potion of mutation]
 59876 | Slime:1  | Lost mutation: You occasionally lose the ability to read
                  | scrolls when taking damage. [potion of mutation]
 59876 | Slime:1  | Lost mutation: You sometimes lose your temper in combat.
                  | [potion of mutation]
 59876 | Slime:1  | Gained mutation: Your spells are a little harder to cast,
                  | but a little more powerful. [potion of mutation]
 59876 | Slime:1  | Gained mutation: You are robust. (+10% HP) [potion of
                  | mutation]
 59876 | Slime:1  | Gained mutation: You occasionally shout uncontrollably at
                  | your foes. [potion of mutation]
 59989 | Slime:3  | Paralysed by a great orb of eyes for 2 turns
 60077 | Slime:3  | Gained mutation: You do not regenerate when monsters are
                  | visible. [a shining eye]
 60078 | Slime:3  | Gained mutation: You have hidden genetic defects. [a
                  | shining eye]
 60155 | Slime:3  | Paralysed by a floating eye for 3 turns
 60252 | Slime:5  | Entered Level 5 of the Pits of Slime
 60294 | Slime:5  | Noticed the Royal Jelly
 60874 | Slime:5  | Paralysed by a floating eye for 4 turns
 61354 | Slime:5  | Reached XP level 21. HP: 190/190 MP: 33/39
 61363 | Slime:5  | Gained mutation: You occasionally lose the ability to read
                  | scrolls when taking damage. [a shining eye]
 61368 | Slime:5  | Lost mutation: You do not regenerate when monsters are
                  | visible. [potion of mutation]
 61368 | Slime:5  | Lost mutation: You are robust. (+10% HP) [potion of
                  | mutation]
 61368 | Slime:5  | Lost mutation: You occasionally lose the ability to read
                  | scrolls when taking damage. [potion of mutation]
 61368 | Slime:5  | Gained mutation: You are clumsy. (Dex -2) [potion of
                  | mutation]
 61368 | Slime:5  | Gained mutation: You sometimes lose your temper in combat.
                  | [potion of mutation]
 61980 | Depths:1 | Entered Level 1 of the Depths
 62230 | Depths:1 | Found a one-way gate to the infinite horrors of the Abyss.
 62232 | Depths:1 | Found a blossoming altar of Fedhas.
 62294 | Depths:1 | Found a gateway to Hell.
 62299 | Depths:1 | Reached skill level 13 in Summonings
 62658 | Depths:1 | Gained mutation: Potions are less effective at restoring
                  | your health. [hidden defects]
 62867 | Depths:1 | Noticed Jory
 62874 | Depths:1 | Killed Jory
 62956 | Depths:1 | Noticed Asterion
 62964 | Depths:1 | Killed Asterion
 63206 | Depths:1 | Identified the +8 dagger "Suraes" {freeze, rElec rPois
                  | Str+3}
 63262 | Depths:1 | Identified the +4 dagger of the Volcano {heavy, rElec rC-
                  | Int+4 SInv}
 63414 | Depths:1 | Reached skill level 14 in Summonings
 63436 | Depths:1 | Gained mutation: You are dopey. (Int -2) [hidden defects]
 63436 | Depths:1 | Lost mutation: You have hidden genetic defects. [hidden
                  | defects expressed]
 63868 | Depths:2 | Found a hide-covered altar of Uskayaw.
 64017 | Depths:2 | Lost mutation: You are dopey. (Int -2) [a shining eye]
 64041 | Depths:2 | Reached skill level 15 in Summonings
 64377 | Depths:2 | Noticed Mara
 64382 | Depths:2 | Noticed Minorbread's illusion
 64512 | Depths:2 | Gained mutation: You are very clumsy. (Dex -4) [a shining
                  | eye]
 64781 | Depths:2 | Found a one-way gate leading to the halls of Pandemonium.
 64782 | Depths:2 | Got Igoil's Compendium of Hoarfrost and the Boggart
 64862 | Depths:2 | Killed Mara
 65071 | Depths:2 | Gained mutation: You are occasionally teleported next to
                  | monsters. [a shining eye]
 65072 | Depths:2 | Gained mutation: You have an uncontrollable temper. [a
                  | shining eye]
 65078 | Depths:2 | Gained mutation: You occasionally lose the ability to drink
                  | potions when taking damage. [a shining eye]
 65099 | Depths:2 | Lost mutation: Potions are less effective at restoring your
                  | health. [potion of mutation]
 65099 | Depths:2 | Lost mutation: You occasionally lose the ability to drink
                  | potions when taking damage. [potion of mutation]
 65099 | Depths:2 | Gained mutation: You are strong-willed. (Will+) [potion of
                  | mutation]
 65100 | Depths:2 | Lost mutation: You occasionally shout uncontrollably at
                  | your foes. [potion of mutation]
 65100 | Depths:2 | Lost mutation: You are very clumsy. (Dex -4) [potion of
                  | mutation]
 65100 | Depths:2 | Lost mutation: You are strong-willed. (Will+) [potion of
                  | mutation]
 65100 | Depths:2 | Gained mutation: You are dopey. (Int -2) [potion of
                  | mutation]
 65100 | Depths:2 | Gained mutation: Your system is resistant to poisons.
                  | (rPois) [potion of mutation]
 65100 | Depths:2 | Gained mutation: You have a pair of small horns on your
                  | head. [potion of mutation]
 65101 | Depths:2 | Lost mutation: Your spells are a little harder to cast, but
                  | a little more powerful. [potion of mutation]
 65101 | Depths:2 | Lost mutation: You are clumsy. (Dex -2) [potion of
                  | mutation]
 65101 | Depths:2 | Lost mutation: You are occasionally teleported next to
                  | monsters. [potion of mutation]
 65101 | Depths:2 | Lost mutation: You have an uncontrollable temper. [potion
                  | of mutation]
 65101 | Depths:2 | Gained mutation: You have large cloven feet. [potion of
                  | mutation]
 65101 | Depths:2 | Gained mutation: You have hidden genetic potential. [potion
                  | of mutation]
 65211 | Depths:3 | Reached skill level 16 in Summonings
 65327 | Depths:3 | Reached XP level 22. HP: 140/181 MP: 22/40
 65385 | Depths:3 | Noticed a caustic shrike
 65388 | Depths:3 | Noticed a caustic shrike
 65389 | Depths:3 | Noticed a caustic shrike
 65389 | Depths:3 | Noticed a caustic shrike
 65396 | Depths:3 | Killed a caustic shrike
 65624 | Elf:1    | Entered Level 1 of the Elven Halls
 65624 | Elf:1    | Found a runed translucent gate.
 65624 | Elf:1    | Found a runed translucent gate.
 65624 | Elf:1    | Found a runed translucent gate.
 65624 | Elf:1    | Found a runed translucent gate.
 65624 | Elf:1    | Found a runed translucent gate.
 65624 | Elf:1    | Found a runed translucent gate.
 65630 | Elf:1    | Found a runed translucent door.
 65653 | Elf:1    | Identified the +7 long sword of Ydusoc {vamp, *Rage rPois
                  | Int+5 Dex+2}
 65685 | Elf:1    | Found a runed translucent door.
 65764 | Elf:1    | Reached skill level 17 in Summonings
 65901 | Elf:1    | Found Hyps's Overcharged Wands.
 66149 | Elf:1    | Found Ehutyef's Weapon Boutique.
 66398 | Elf:1    | Got the Almanac of Debased Ceremonies
 66818 | Elf:1    | Found Bubyurac's Book Emporium.
 66826 | Elf:1    | Bought Great Wizards, Vol. II for 494 gold pieces
 66826 | Elf:1    | Bought a book of Fire for 572 gold pieces
 66833 | Elf:1    | Learned a level 6 spell: Starburst
 67020 | Elf:2    | Noticed Jorgrun
 67026 | Elf:2    | Killed Jorgrun
 67062 | Elf:2    | Reached skill level 1 in Fire Magic
 67070 | Elf:2    | Found a flickering gateway to a bazaar.
 67078 | Bazaar   | Entered a bazaar
 67092 | Bazaar   | Found Luerch's Weapon Shoppe.
 67108 | Bazaar   | Found Naumain's Magic Scroll Shoppe.
 67113 | Bazaar   | Bought a scroll of teleportation for 42 gold pieces
 67113 | Bazaar   | Bought a scroll of acquirement for 728 gold pieces
 67113 | Bazaar   | Bought 3 scrolls of magic mapping for 315 gold pieces
 67124 | Bazaar   | Found Xegyimmune's Book Shoppe.
 67124 | Bazaar   | Found Kaqiff's Armour Emporium.
 67135 | Bazaar   | Acquired the ring of Xom's Wantonness {rF+ Will+ Str+2
                  | Int+6}
 67140 | Bazaar   | Bought the Encyclopedia of the Switch for 322 gold pieces
 67258 | Bazaar   | Bought a +1 kite shield of resistance for 401 gold pieces
 67328 | Elf:2    | Reached skill level 18 in Summonings
 67673 | Elf:2    | Found a large runed translucent door.
 67673 | Elf:2    | Found a large runed translucent door.
 67674 | Elf:2    | Noticed wjchen's ghost (adept MiFi)
 67749 | Elf:2    | Found a runed translucent gate.
 68012 | Elf:2    | Found a runed translucent gate.
 68013 | Elf:2    | Found a runed translucent gate.
 68573 | Elf:2    | Killed wjchen's ghost
 68574 | Elf:2    | Reached skill level 19 in Summonings
 68649 | Elf:3    | Entered Level 3 of the Elven Halls
 68832 | Elf:3    | Identified the +0 plate armour "Opa Basa" {+Inv rN+ Int+3}
 69882 | Elf:3    | Identified the +2 battleaxe of Honour {flame, Str+2 Int+3
                  | Dex+4}
 70164 | Elf:3    | Reached skill level 20 in Summonings
 70167 | Elf:3    | Gained mutation: You have a pair of horns on your head.
                  | [hidden potential]
 70191 | Elf:3    | Identified the ring "Isoah" {Wiz *Corrode rN+ Str+3 Stlth+}
 70257 | Elf:3    | Identified the +2 robe of the Baleful Serpent {+Blink rPois
                  | Regen+ Int-4}
 70336 | Elf:3    | Identified the +8 whip of the Iron City of Dis {vamp,
                  | Will+}
 70436 | Elf:3    | Reached XP level 23. HP: 149/188 MP: 29/41
 70584 | Elf:3    | Reached skill level 15 in Spellcasting
 70641 | Elf:3    | Got the Guidebook on the Sky
 70667 | Elf:3    | Got Fihah's Excursus on Transmutation and the Caves
 70671 | Elf:3    | Got the Compendium of the Shapeshifter and the Band
 70676 | Elf:3    | Identified the +1 whip of Sabos {flame, rPois rCorr}
 70724 | Elf:3    | Identified the staff of death "Yzucy" {rPois rN+ Str+4}
 70728 | Elf:3    | Identified the staff of air "Hoehiw" {rElec rPois rCorr
                  | Str+4 Dex-3}
 70729 | Elf:3    | Identified the +2 sling of the Pyrrhic Victory {flame,
                  | rElec}
 70898 | Elf:3    | Learned a level 5 spell: Borgnjor's Vile Clutch
 71138 | D:13     | Bought a potion of mutation for 256 gold pieces
 71268 | Depths:3 | Reached skill level 1 in Necromancy
 71434 | Depths:3 | Found an ornate altar of the Wu Jian Council.
 71783 | Depths:3 | Found a glowing golden altar of the Shining One.
 71876 | Depths:3 | Killed a caustic shrike
 71958 | Depths:3 | Reached skill level 10 in Dodging
 72088 | Depths:3 | Killed a caustic shrike
 72095 | Depths:3 | Killed a caustic shrike
 72145 | Depths:3 | Identified the +3 flail of the Eternal Void {flame, SInv}
 72275 | Depths:3 | Identified the +0 leather armour "Xuinufry" {rN++ Int+2}
 72562 | Depths:3 | Acquired the Spellbook of Amassed Arcane Weapons
 72589 | Depths:3 | Found a white marble altar of Elyvilon.
 72870 | Depths:3 | Found a hide-covered altar of Uskayaw.
 72914 | Depths:3 | a titan changed into a juggernaut
 72914 | Depths:3 | Noticed a juggernaut (glowing shapeshifter)
 72919 | Depths:3 | a juggernaut changed into a rockslime
 72974 | Depths:3 | Reached skill level 5 in Necromancy
 73423 | Depths:3 | Learned a level 8 spell: Summon Horrible Things
 73424 | Depths:4 | Entered Level 4 of the Depths
 73695 | Depths:4 | Gained mutation: You have great hidden genetic potential.
                  | [hidden potential]
 73695 | Depths:4 | Lost mutation: You have great hidden genetic potential.
                  | [hidden potential expressed]
 74323 | Depths:4 | Found a one-way gateway to a ziggurat.
 74453 | Depths:4 | Found a gate to the Realm of Zot.
 74732 | Crypt:1  | Entered Level 1 of the Crypt
 74760 | Crypt:1  | Reached skill level 21 in Summonings
 74829 | Crypt:1  | Found the +5 glaive of the Guard {elec, spectral, AC+5}
 74851 | Crypt:1  | Noticed rrossfarrar's ghost (veteran BaFi)
 74865 | Crypt:1  | Found a transporter.
 74880 | Crypt:1  | Found a transporter.
 74915 | Crypt:1  | Reached XP level 24. HP: 200/200 MP: 24/43
 75237 | Crypt:1  | Identified the staff of conjuration "Koerrerph" {rPois
                  | Stlth+}
 75241 | Crypt:1  | Identified the staff of death "Rausuet" {rN+ SInv}
 75828 | Crypt:1  | Noticed Khufu
 75898 | Crypt:2  | Found a huge runed gate.
 75898 | Crypt:2  | Found a huge runed gate.
 75898 | Crypt:2  | Found a huge runed gate.
 75898 | Crypt:2  | Found a huge runed gate.
 75898 | Crypt:2  | Found a huge runed gate.
 75898 | Crypt:2  | Found a huge runed gate.
 75899 | Crypt:2  | Found a huge runed gate.
 75900 | Crypt:2  | Found a huge runed gate.
 75900 | Crypt:2  | Found a huge runed gate.
 75901 | Crypt:2  | Found a huge runed gate.
 75935 | Crypt:2  | Found a huge runed gate.
 75935 | Crypt:2  | Found a huge runed gate.
 75935 | Crypt:2  | Found a huge runed gate.
 75935 | Crypt:2  | Found a huge runed gate.
 75935 | Crypt:2  | Found a huge runed gate.
 75935 | Crypt:2  | Found a huge runed gate.
 76009 | Crypt:2  | Found a huge runed gate.
 76010 | Crypt:2  | Found a huge runed gate.
 76011 | Crypt:2  | Found a huge runed gate.
 76025 | Crypt:2  | Found a huge runed gate.
 76025 | Crypt:2  | Found a huge runed gate.
 76025 | Crypt:2  | Found a huge runed gate.
 76025 | Crypt:2  | Found a huge runed gate.
 76025 | Crypt:2  | Found a huge runed gate.
 76025 | Crypt:2  | Found a huge runed gate.
 76026 | Crypt:2  | Found a huge runed gate.
 76028 | Crypt:2  | Found a huge runed gate.
 76029 | Crypt:2  | Found a huge runed gate.
 76037 | Crypt:2  | Found a huge runed gate.
 76037 | Crypt:2  | Found a huge runed gate.
 76037 | Crypt:2  | Found a huge runed gate.
 76037 | Crypt:2  | Found a huge runed gate.
 76038 | Crypt:2  | Found a huge runed gate.
 76039 | Crypt:2  | Found a huge runed gate.
 76040 | Crypt:2  | Found a huge runed gate.
 76041 | Crypt:2  | Found a huge runed gate.
 76587 | Crypt:2  | Reached skill level 15 in Fighting
 76587 | Crypt:2  | Reached XP level 25. HP: 213/213 MP: 43/43
 76932 | Crypt:3  | Entered Level 3 of the Crypt
 77071 | Crypt:3  | Noticed Vv
 77080 | Crypt:3  | Killed Vv
 77228 | Crypt:3  | Noticed a dread lich
 77248 | Crypt:3  | Killed a dread lich
 77296 | Crypt:3  | Found a runed translucent door.
 77554 | Crypt:3  | Noticed a dread lich
 77555 | Crypt:3  | Paralysed by a dread lich for 3 turns
 77562 | Crypt:3  | Killed a dread lich
 78048 | Crypt:3  | Gained mutation: Your muscles are strong. (Str +4, Int/Dex
                  | -1) [hidden potential]
 78207 | Crypt:3  | Identified the +11 halberd of Vacvolui {vamp, Fly rPois rF-
                  | Dex+7}
 78251 | Crypt:3  | Found an ancient bone altar of Kikubaaqudgha.
 78251 | Crypt:3  | Found a basalt altar of Yredelemnul.
 78422 | Crypt:3  | Got the Catalogue of Left-Handed Acts
 78433 | Crypt:3  | Identified the ring of Nooroc {Drain Will+ Str+2 Dex+4}
 78978 | Crypt:3  | Found a staircase to the Tomb.
 79088 | Crypt:3  | Acquired 1197 gold pieces
 79089 | Crypt:3  | Acquired the Handbook of Arenous Arcane Weapons
 79092 | Crypt:3  | Noticed Hali's ghost (veteran FoFi)
 79533 | Depths:1 | Voluntarily entered the Abyss.
 79741 | Abyss:1  | Found a corrupted altar of Lugonu.
 79742 | Abyss:1  | Found a corrupted altar of Lugonu.
 79742 | Abyss:1  | Found a corrupted altar of Lugonu.
 79877 | Abyss:2  | Found a corrupted altar of Lugonu.
 80037 | Abyss:2  | Found a runed translucent gate.
 80037 | Abyss:2  | Found a runed translucent gate.
 80037 | Abyss:2  | Found a runed translucent gate.
 80079 | Abyss:3  | Found a corrupted altar of Lugonu.
 80126 | Abyss:3  | Reached XP level 26. HP: 106/238 MP: 27/43
 80160 | Abyss:3  | Found a corrupted altar of Lugonu.
 80162 | Abyss:3  | Found a corrupted altar of Lugonu.
 80169 | Abyss:3  | Got an abyssal rune of Zot
 80171 | Abyss:3  | Paralysed by accursed screaming for 1 turns
 80175 | Abyss:3  | Paralysed by accursed screaming for 2 turns
 80221 | Depths:1 | Escaped the Abyss
 80404 | Zot:1    | Entered Level 1 of the Realm of Zot
 80488 | Zot:1    | Noticed Sofait's ghost (legendary GnFE)
 80489 | Zot:1    | Found a runed translucent gate.
 80489 | Zot:1    | Found a runed translucent gate.
 80744 | Zot:1    | Found a runed translucent gate.
 80757 | Zot:1    | You fall into a shaft and drop 1 floor!
 81591 | Zot:1    | Noticed an orb of fire
 81601 | Zot:1    | Killed an orb of fire
 82159 | Zot:2    | Found a runed translucent gate.
 82159 | Zot:2    | Found a runed translucent gate.
 82159 | Zot:2    | Found a runed translucent gate.
 82437 | Zot:3    | Reached skill level 15 in Dodging
 82671 | Zot:5    | Entered Level 5 of the Realm of Zot
 83447 | Zot:5    | Noticed a dread lich
 83459 | Zot:5    | Killed a dread lich
 83479 | Zot:5    | Gained mutation: You expend magic power (3 MP) to
                  | strengthen your wands. [hidden potential]
 83479 | Zot:5    | Lost mutation: You have hidden genetic potential. [hidden
                  | potential expressed]
 83556 | Zot:5    | Learned a level 7 spell: Haunt
 83635 | Zot:5    | Noticed a dread lich
 83644 | Zot:5    | Killed a dread lich
 83781 | Zot:5    | Noticed an orb of fire
 83789 | Zot:5    | Killed an orb of fire
 83820 | Zot:5    | Noticed an ancient lich
 83825 | Zot:5    | Killed an ancient lich
 84086 | Zot:5    | Noticed an ancient lich
 84378 | Zot:5    | Killed an ancient lich
 84617 | Zot:5    | Reached skill level 10 in Necromancy
 84868 | Zot:5    | Reached XP level 27. HP: 246/246 MP: 34/43
 84905 | Zot:5    | Noticed an orb of fire
 84992 | Zot:5    | Noticed an orb of fire
 85004 | Zot:5    | Killed an orb of fire
 85026 | Zot:5    | Killed an orb of fire
 85140 | Zot:5    | Noticed a dread lich
 85145 | Zot:5    | Killed a dread lich
 85173 | Zot:5    | Noticed a dread lich
 85181 | Zot:5    | Killed a dread lich
 85333 | Zot:5    | Got the Orb of Zot
 85378 | Zot:5    | Noticed Vayxt the pandemonium lord
 85418 | Zot:4    | Noticed Xaxysopp the pandemonium lord
 85837 | D:$      | Escaped with the Orb!

Illustrated notes

Levels and vault maps discovered:
D:1:      ebering_trefoil_3fold, layout_basic
D:2:      cheibrodos_fertilizer, layout_loops_ring, minmay_pentomino_p4
D:3:      layout_basic, nicolae_hexahallways, kennysheep_nub
D:4:      layout_rooms, hellmonk_ghost_happy_afterlife, uniq_edmund,
          uniq_menkaure
D:5:      layout_rooms, nicolae_ossuary_entry_plus
D:6:      layout_basic, nzn_wu_jian_contemplation
D:7:      layout_loops_corners, minmay_temple_entry_large_hall
D:8:      layout_cave_pools, centaur_isle
D:9:      layout_cave_pools, corexii_corridor_pit, nicolae_rejected_hall
D:10:     layout_stronghold
D:11:     layout_stronghold, dpeg_oklobed_lair, erik_orc_2
D:12:     layout_loops_corners, serial_glass, glass_columns_c, glass_columns_c,
          uniq_maurice
D:13:     layout_big_octagon, serial_shops, nicolae_shop_just_a_little_nook,
          nicolae_gozag_cash_rules_everything_around_me
D:14:     layout_layer_cave, lightli_vaults_fourway_checkpoint, bloody_trog,
          uniq_azrael
D:15:     grunt_enter_depths_giant_problem, layout_loops_cross,
          nicolae_figureground_sparkle, uniq_josephine
Temple:   regret_index_temple_sigil_plot
Lair:1:   layout_regular_city, basic_altar, infiniplex_staircase_pool,
          uniq_amaemon
Lair:2:   layout_cave_pods, nicolae_swamp_entry_splash_gauntlet, uniq_urug
Lair:3:   layout_cave_pods, nicolae_spider_entry_tight_spaces, lemuel_fruit_tree
Lair:4:   layout_hall_layers, serial_bayou_lagoon_a, grunt_megastairs_2
Lair:5:   hangedman_lair_caniforms_friends, layout_regular_city,
          hangedman_lair_tendril_chambers, slime_entry_1, serial_bayou_shore_b
Swamp:1:  layout_falls_marsh, ebering_ghost_reflecting_pool,
          hangedman_swamp_ruin_hall
Swamp:2:  gammafunk_worm_tunnel, layout_basic_swamp, serial_swamp_ruin,
          evilmike_swamp_ruin_rubble_1, evilmike_swamp_ruin_rubble_2,
          swamp_pool3, nicolae_swamp_wisp_ring_woods
Swamp:3:  layout_basic_swamp, gammafunk_ghost_cemetery,
          evilmike_swamp_ruin_house_2, swamp_pool1, uniq_nikola
Swamp:4:  swamp_fiery, layout_basic_swamp, swamp_pool5,
          nicolae_swamp_orc_logging_accident
Spider:1: layout_spider_delve, nicolae_spider_solar_radiation,
          hangedman_spider_tarantella_strand
Spider:2: layout_spider_delve
Spider:3: nicolae_spider_jumping_over_cracks [nicolae_spider_jumping_sub_offset,
          nicolae_spider_jumping_sub_divot, nicolae_spider_jumping_sub_lanes,
          nicolae_spider_jumping_sub_plain]
Spider:4: spider_rune_water, uniq_arachne
Slime:1:  layout_caves
Slime:2:  layout_caves
Slime:3:  cheibrodos_slime_lost_civilization_2, layout_caves
Slime:4:  layout_caves
Slime:5
Orc:1:    nicolae_orc_accident_3, layout_caves, basic_altar,
          portal_ice_cave_rime
Orc:2:    st_orc_open, layout_caves, mines1_david, uniq_sonja
Elf:1:    nicolae_elf_arrival_dilemma, layout_loops_corners, serial_shops, shop,
          shop_statue, minmay_elf_necromancy, nicolae_shop_overcharged_wands
Elf:2:    nicolae_elf_blades_crystal_corner, layout_onion_city, serial_shops,
          bzr_entry_water, ebering_ghost_disaster_area, uniq_jorgrun
Elf:3:    nooodl_elf_gasket, layout_geoelf_octagon, grunt_ministairs_8
Vaults:1: nicolae_vaults_little_squares_4, nicolae_vaults_mitosis, v_rooms_5,
          vaults_dpeg_encased_lava, v_pattern_2, nicolae_vaults_cornered_office,
          nicolae_vaults_meeting, vaults_standard_mumra_lines,
          nicolae_vaults_little_squares_4, nicolae_vaults_closet_pinwheel_4,
          layout_vaults_big_room
Vaults:2: mu_enter_wizlab_6, hangedman_vaults_slice, ontoclasm_vaults_gallery,
          nicolae_vaults_sealed_display, nicolae_vaults_turnstiles, v_misc_10,
          hangedman_vaults_unwind, vaults_room_fours,
          nicolae_vaults_trapezoid_4, nicolae_vaults_trapezoid_4,
          nicolae_vaults_house_3, nicolae_vaults_little_squares_6,
          layout_vaults_omnicross
Vaults:3: minmay_crypt_entry_necro_gods, nicolae_vaults_meiosis, v_pattern_1,
          nicolae_vaults_taking_the_gang_shopping, hangedman_vaults_stitches,
          vaults_room_boxed, hangedman_vaults_restitches,
          nicolae_vaults_layer_cake_slice, nicolae_vaults_specimen_jars,
          nicolae_vaults_apartment_1, nicolae_vaults_prndl, layout_vaults_ring,
          uniq_zenata
Vaults:4: nicolae_vaults_good_morning_starshine, nicolae_vaults_lightning_bolt,
          nicolae_vaults_angled_halls, vaults_standard_mumra_enter_the_diamond,
          vaults_room_door_hall, v_rooms_4, nicolae_vaults_trapezoid_lopsided_4,
          nicolae_vaults_heart-shaped_vault, nicolae_vaults_little_squares_5,
          layout_vaults_omnibox
Crypt:1:  ragdoll_tomb_raider, layout_misc_corridors, gammafunk_ghost_arena,
          st_shrine_of_skulls
Crypt:2:  layout_catacombs, grunt_ministairs_13, door_vault
Crypt:3:  lightli_unholy_cathedral, layout_chaotic_city,
          tomb_entry_pyramid_bobbens, ebering_ghost_reflecting_pool, uniq_vv
Depths:1: due_jory_tower, layout_cave_pools, grunt_hell_entry_dis_grunt,
          fedhas_altar_2, abyss_entry, nrook_kobold_shadow_demons, uniq_asterion
Depths:2: kennysheep_ogre_elephant_herders, layout_cave_shapes, special_room
          [special_room_jelly], abyss_entry, hell_entry,
          nicolae_uskayaw_murder_on_the_dancefloor, rand_demon_pan_entry_8,
          minmay_misc_feat_chi, minmay_misc_feat_tiny,
          infiniplex_staircase_pool_2, serial_bayou_shore_a, uniq_josephina,
          uniq_mara
Depths:3: grunt_profane_halls [grunt_profane_temple_dis,
          grunt_profane_temple_geh, grunt_profane_temple_coc,
          grunt_profane_temple_tar, grunt_profane_loot], abyss_entry, hell_entry
Depths:4: grunt_x_marks_the_spot, layout_cave_pools, enter_ziggurat_e,
          serial_glass, glass_columns_c, glass_columns_a, hell_entry,
          abyss_entry_crystal, skrybe_limestone_x, st_stairs_11
Zot:1:    layout_gridlike, gammafunk_ghost_split, hangedman_zot_decor_scrapings
Zot:2:    layout_gridlike, gammafunk_ghost_split, bh_zot_lava_cross,
          evilmike_ambush [evilmike_ambush_outer_pillars,
          evilmike_ambush_inner_pond]
Zot:3:    layout_basic
Zot:4:    layout_gridlike, grunt_ministairs_1
Zot:5:    layout_gridlike

Skill      XL: |  1  2  3  4  5  6  7  8  9 10 11 12 13 14 15 16 17 18 19 20 21 22 23 24 25 26 27 |
---------------+----------------------------------------------------------------------------------+-----
Spellcasting   | 3 4 5 7 8 10 11 12 13 14 16 | 16.0
Conjurations   | 2 3 5 7 8 10 12 14 15 18 19 | 19.0
Earth Magic    | 4 5 7 8 10 12 14 16 17 | 17.3
Fighting       | 5 8 9 11 12 13 15 19 20 | 20.1
Dodging        | 4 5 6 9 10 11 12 16 | 16.0
Summonings     | 4 9 12 16 20 21 | 21.0
Ice Magic      | 5 9 11 | 11.2
Shields        | 5 8 11 13 | 13.0
Translocations | 5 |  5.0
Evocations     | 5 10 12 | 12.1
Fire Magic     | 1 |  1.1
Necromancy     | 6 10 12 | 12.5
Stealth        | |  1.7
Transmutations | |  1.0

Action                     |  1- 3 |  4- 6 |  7- 9 | 10-12 | 13-15 | 16-18 | 19-21 | 22-24 | 25-27 || total
---------------------------+-------+-------+-------+-------+-------+-------+-------+-------+-------++-------
  Melee: Dagger            |     6 |       |       |       |   127 |    43 |    78 |       |     1 ||   255
         Short sword       |       |       |    17 |    37 |       |       |       |       |       ||    54
         Tailslap          |       |       |     2 |     9 |    22 |    14 |    19 |       |       ||    66
         Punch             |       |       |       |     1 |       |       |       |       |       ||     1
   Cast: Sandblast         |    49 |   102 |    62 |    33 |     1 |       |       |       |       ||   247
         Stone Arrow       |       |       |   129 |   334 |   616 |   206 |     5 |       |       ||  1290
         Lee's Rapid Decon |       |       |       |     3 |    38 |    68 |    82 |    74 |     8 ||   273
         Iron Shot         |       |       |       |     2 |   180 |   187 |   308 |   125 |    68 ||   870
         Spellforged Servi |       |       |       |       |    11 |   105 |   164 |   158 |   155 ||   593
         Freezing Cloud    |       |       |       |       |    14 |    37 |    58 |    28 |    10 ||   147
         Passage of Golubr |       |       |       |       |       |     2 |       |       |     1 ||     3
         Lehudib's Crystal |       |       |       |       |       |       |    46 |    65 |    33 ||   144
         Passwall          |       |       |       |       |       |       |     3 |       |    28 ||    31
         Borgnjor's Vile C |       |       |       |       |       |       |       |   109 |   148 ||   257
         Summon Horrible T |       |       |       |       |       |       |       |     4 |    22 ||    26
         Haunt             |       |       |       |       |       |       |       |       |    15 ||    15
Ability: Breathe Frost     |       |       |     2 |     6 |     3 |     1 |       |       |       ||    12
  Evoke: Wand              |       |       |       |     4 |     1 |       |    27 |       |     6 ||    38
         Condenser vane    |       |       |       |       |       |       |     2 |       |       ||     2
         Box of beasts     |       |       |       |       |       |       |     1 |       |       ||     1
         Phial of floods   |       |       |       |       |       |       |     1 |       |       ||     1
         Phantom mirror    |       |       |       |       |       |       |     1 |       |       ||     1
    Use: Scroll            |       |     8 |     6 |    18 |    14 |    10 |    17 |    11 |    13 ||    97
         Potion            |       |       |       |     1 |     9 |     3 |    11 |     1 |    16 ||    41
   Stab: Distracted        |       |       |       |       |       |     1 |     3 |       |       ||     4
         Invisible         |       |       |       |       |       |       |     1 |       |       ||     1
 Armour: Skin              |     5 |    18 |    29 |    45 |   177 |   129 |   227 |    63 |   162 ||   855
  Dodge: Dodged            |    12 |    45 |    55 |   109 |   291 |   207 |   239 |   103 |   216 ||  1277
  Block: Buckler           |       |       |       |       |       |    47 |    30 |       |       ||    77
         Kite shield       |       |       |       |       |       |       |   367 |   114 |   242 ||   723
         Reflection        |       |       |       |       |       |       |     5 |     9 |       ||    14
